 Dungeon Crawl Stone Soup version 0.25-a0-35-g747a2b3c0c (webtiles) character file.

Game seed: 13422744217416082577, levelgen mode: deterministic

168 Arixos the Skirmisher (level 5, 0/42 HPs)
             Began as a Demonspawn Monk on Oct 19, 2019.
             Was a Believer of Kikubaaqudgha.
             Slain by an orc priest (1 damage)
             ... on level 3 of the Dungeon.
             The game lasted 00:17:08 (3065 turns).

Arixos the Skirmisher (Demonspawn Monk)             Turns: 3065, Time: 00:17:08

Health: 0/42       AC:  5    Str: 12    XL:     5   Next: 23%
Magic:  6/6        EV: 13    Int: 11    God:    Kikubaaqudgha [**....]
Gold:   131        SH:  0    Dex: 16    Spells: 2/6 levels left

rFire    . . .     SeeInvis .   i - +1 whip (pain)
rCold    + . .     Gourm    .   (no shield)
rNeg     . . .     Faith    .   g - +0 leather armour
rPois    .         Spirit   .   (no helmet)
rElec    .         Reflect  .   (no cloak)
rCorr    .         Harm     .   (no gloves)
MR       .....                  (no boots)
Stlth    ++........             n - amulet of magic regeneration
HPRegen  0.14/turn              d - ring of wizardry
MPRegen  0.35/turn              (no ring)

@: no status effects
A: yellow scales 1, cold resistance 1
a: Receive Corpses, Renounce Religion


You were on level 3 of the Dungeon.
You worshipped Kikubaaqudgha.
Kikubaaqudgha was pleased with you.
You were not hungry.

You visited 1 branch of the dungeon, and saw 3 of its levels.

You collected 131 gold pieces.

Inventory:

Hand Weapons
 i - a +1 whip of pain (weapon)
Armour
 g - a +0 leather armour (worn)
Jewellery
 d - a ring of wizardry (left hand)
 n - an amulet of magic regeneration (around neck)
Scrolls
 f - 2 scrolls of teleportation {unknown}
 h - a scroll of fog {unknown}
 l - a scroll of remove curse {unknown}
 m - a scroll of identify {unknown}
 o - a scroll of noise {unknown}
 p - a scroll of amnesia {unknown}
 q - a scroll of immolation {unknown}
 s - a scroll of magic mapping {unknown}
Potions
 a - a potion of heal wounds {unknown}
 c - a potion of resistance {unknown}
 e - a potion of mutation {unknown}
 j - a potion of lignification {unknown}
 r - a potion of ambrosia {unknown}
Comestibles
 b - 6 rations
 k - 5 chunks of flesh


   Skills:
 + Level 3.8 Fighting
 + Level 1.2 Maces & Flails
 - Level 1.7 Armour
 + Level 3.5 Dodging
 - Level 1.7 Stealth
 - Level 2.6 Unarmed Combat
 * Level 1.1 Spellcasting
 * Level 1.7 Necromancy


You had 2 spell levels left.
You knew the following spells:

 Your Spells              Type           Power        Failure   Level  Hunger
a - Pain                  Necr           #...         9%          1    ##.....
q - Animate Skeleton      Necr           N/A          9%          1    ##.....
s - Sublimation of Blood  Necr           #.........   12%         2    ###....

Your spell library contained the following spells:

 Spells                   Type           Power        Failure   Level  Hunger
 Vampiric Draining        Necr           #.........   24%         3    ####...


Dungeon Overview and Level Annotations

Branches:
Dungeon (3/15)

Altars:
Kikubaaqudgha


Innate Abilities, Weirdness & Mutations

You are partially covered in yellow scales. (AC +2)
Your flesh is cold resistant. (rC+)


Message History

The orc priest is severely wounded.
The orc hits your orc priest skeleton. The orc priest misses you.
Your orc priest skeleton barely misses the orc.
You closely miss the orc priest.
The orc priest is severely wounded.
The orc barely misses your orc priest skeleton.
The orc priest barely misses you.
Your orc priest skeleton hits the orc with a +0 mace.
You barely miss the orc priest.
The orc priest is severely wounded.
The orc hits your orc priest skeleton.
Your orc priest skeleton is destroyed!
The orc priest hits you.
* * * LOW HITPOINT WARNING * * *
You hit the orc priest but do no damage.
You punch the orc priest.
The orc priest is almost dead.
The orc hits your orc skeleton. The orc priest hits you.
You die...
Kikubaaqudgha rasps: "You have failed me!
Welcome... death!"

#. #. #.## ..) ..
#### ###
#.####.?... ....
#?#o...#
....#####.Zo#
#......##@.#
##.#.....#.###
......(......##
.$#...[.......# .
#.........#.#
#.##........#...##
#......<..#.##...##
##.......<#........
#...............##


You could see an orc priest, an orc and a friendly orc skeleton.

Vanquished Creatures
  An orc priest (D:3)
  4 gnolls (D:2)
  2 oozes
  2 dart slugs
  A leopard gecko (D:2)
  2 ball pythons (D:2)
  4 giant cockroaches
  8 goblins
  12 hobgoblins
  6 jackals (D:2)
  10 bats
  4 frilled lizards
  7 kobolds
  8 rats
71 creatures vanquished.

Vanquished Creatures (collateral kills)
  Robin (D:2)
  2 orcs (D:3)
  2 goblins
  A frilled lizard (D:2)
6 creatures vanquished.

Grand Total: 77 creatures vanquished

Notes
Turn   | Place    | Note
-------+----------+-------------------------------------------
     0 | D:1      | Arixos the Demonspawn Monk began the quest for the Orb.
     0 | D:1      | Reached XP level 1. HP: 18/18 MP: 1/1
   458 | D:1      | Gained mutation: Your flesh is cold resistant. (rC+)
                  | [demonic ancestry]
   458 | D:1      | Reached XP level 2. HP: 23/24 MP: 2/2
   531 | D:1      | Reached skill level 1 in Armour
  1046 | D:2      | Gained mutation: You are partially covered in yellow
                  | scales. (AC +2) [demonic ancestry]
  1046 | D:2      | Reached XP level 3. HP: 25/29 MP: 3/3
  1226 | D:2      | Found an ancient bone altar of Kikubaaqudgha.
  1311 | D:2      | Became a worshipper of Kikubaaqudgha
  1311 | D:2      | Reached * piety under Kikubaaqudgha
  1311 | D:2      | Identified Kikubaaqudgha's Almanac of Stolen Souls
                  | (Kikubaaqudgha gifted it to you on level 2 of the Dungeon)
  1311 | D:2      | Received a gift from Kikubaaqudgha
  1311 | D:2      | Reached ** piety under Kikubaaqudgha
  1315 | D:2      | Learned a level 1 spell: Animate Skeleton
  1317 | D:2      | Learned a level 1 spell: Pain
  1513 | D:2      | HP: 1/29 [gnoll/+0 spear (7)]
  1903 | D:2      | Reached XP level 4. HP: 36/36 MP: 4/4
  1910 | D:2      | Noticed Robin
  2324 | D:2      | Reached skill level 1 in Necromancy
  2342 | D:2      | Killed Robin
  2666 | D:2      | Reached skill level 1 in Maces & Flails
  2674 | D:2      | Learned a level 2 spell: Sublimation of Blood
  3050 | D:3      | Reached skill level 1 in Spellcasting
  3050 | D:3      | Reached XP level 5. HP: 23/42 MP: 6/6
  3064 | D:3      | HP: 1/42 [orc priest (4)]
  3065 | D:3      | Slain by an orc priest

Levels and vault maps discovered:
D:1:      dpeg_arrival_houses_and_road, layout_basic
D:2:      wander_river, layout_basic, kiku_gazebo_garden_becter, uniq_robin
D:3:      layout_rooms, nemelex_dance_club_becter

Skill      XL: |  1  2  3  4 |
---------------+-------------+-----
Dodging        | 3 |  3.5
Armour         | 1 |  1.7
Necromancy     | 1 |  1.7
Maces & Flails | 1 |  1.2
Spellcasting   | 1 |  1.1
Fighting       | |  3.8
Stealth        | |  1.7
Unarmed Combat | |  2.6

Action                   |  1- 3 |  4- 6 || total
-------------------------+-------+-------++-------
Melee: Unarmed           |    58 |       ||    58
       Punch             |     2 |     4 ||     6
       Whip              |   100 |   107 ||   207
 Cast: Pain              |     4 |    13 ||    17
       Animate Skeleton  |     1 |    13 ||    14
       Sublimation of Bl |       |     2 ||     2
Invok: Receive Corpses   |       |     1 ||     1
 Stab: Sleeping          |     6 |       ||     6
       Distracted        |       |     3 ||     3
  Eat: Chunk             |     3 |     6 ||     9
Armor: Robe              |     2 |       ||     2
       Leather armour    |    45 |    35 ||    80
Dodge: Dodged            |   105 |   118 ||   223

Table legend:
 A = Non-vault XP
 B = Vault XP
 C = Vault XP percentage of total XP
 D = Non-vault monster count
 E = Vault monster count
 F = Vault count percentage of total count
                 A         B        C        D         E       F
            +---------+---------+-------+---------+---------+-------
      Total |     209 |      31 |  12.9 |      66 |      11 |  14.3
            +---------+---------+-------+---------+---------+-------
        D:1 |      40 |       0 |   0.0 |      24 |       0 |   0.0
        D:2 |     116 |      31 |  21.1 |      34 |      11 |  24.4
        D:3 |      53 |       0 |   0.0 |       8 |       0 |   0.0
            +---------+---------+-------+---------+---------+-------
